cohdb
Replays
Latest Replays
All Replays
Popular Replays
Top Player Replays
Match Explorer
How It Works
Community
CoH3 Stats
Reddit
Sign in to upload your games and track your stats! →
Sign in with Steam
Match 42739652
Unlisted
Match 42739652
Overview
Messages
Build Orders
End
Scout Squad
Construct Weapon Support Center
M1919 Machine Gun Team
Engineer Squad
Selects Armored Battlegroup
Selects Assault Engineers
Bazooka Squad
Bazooka Squad
Infantry Support Center
Construct Medical Station
FooKilla
Obersol
vsatanner
Dave
0
0
Comments
sign in to comment!
No comments posted yet!